 Dungeon Crawl Stone Soup version 0.16.2-12-gd0ad4c3 (webtiles) character file.

122 hannobal the Slasher (level 4, -7/29 HPs)
             Began as a High Elf Skald on Oct 24, 2015.
             Mangled by an ogre
             ... wielding a +0 giant club
              (29 damage)
             ... on level 3 of the Dungeon.
             The game lasted 00:09:29 (3096 turns).

hannobal the Slasher (High Elf Skald)               Turns: 3096, Time: 00:09:29

Health: -7/29      AC:  6    Str: 12    XL:     4   Next: 78%
Magic:  11/11      EV: 10    Int: 15    God:
Gold:   145        SH:  0    Dex: 15    Spells: 3 memorised, 2 levels left

rFire  . . .     SeeInvis .     a - +1 falchion
rCold  . . .     Clarity  .     q - +0 ring mail
rNeg   . . .     SustAb   .     (no shield)
rPois  .         Gourm    .     (no helmet)
rElec  .         Spirit   .     (no cloak)
rCorr  .         Warding  .     s - +0 pair of gloves
rMut   .         Stasis   .     (no boots)
MR     .....                    (no amulet)
Stlth  +.........               (no ring)
                                (no ring)

@: not resistant to hostile enchantments, very unstealthy
A: no striking features
a: no special abilities


You were on level 3 of the Dungeon.
You were not hungry.

You visited 1 branch of the dungeon, and saw 4 of its levels.

You collected 145 gold pieces.

Inventory:

Hand weapons
 a - a +1 falchion (weapon)
 b - a +0 hunting sling
 g - a +0 dagger
Missiles
 e - 64 stones (quivered)
 f - 12 silver sling bullets
 j - 15 bolts of frost
 n - a throwing net
 o - 16 poisoned arrows
Armour
 l - a +0 scale mail
 q - a +0 ring mail (worn)
 s - a +0 pair of gloves (worn)
Magical devices
 t - a wand of fireball (3)
Scrolls
 h - a scroll of magic mapping
 p - 4 scrolls of teleportation
Potions
 k - 2 potions of might
 r - a potion of heal wounds
 u - a potion of flight
Books
 c - a book of Battle

   Spells                             Type                      Level
   a - Infusion                       Charms                       1
   b - Shroud of Golubria             Charms/Translocation         2
   c - Song of Slaying                Charms                       2
   d - Spectral Weapon                Hexes/Charms                 3
   e - Regeneration                   Charms/Necromancy            3
Comestibles
 d - 5 bread rations {@e1}
 i - 2 beef jerkies
 m - a meat ration {@e2}


   Skills:
 - Level 2.0 Fighting
 + Level 5.9 Long Blades
 - Level 0.8 Armour
 - Level 1.1 Dodging
 - Level 2.4 Spellcasting
 - Level 3.6 Charms
 - Level 1.0 Translocations


You had 2 spell levels left.
You knew the following spells:

 Your Spells              Type           Power        Failure   Level  Hunger
a - Infusion              Chrm           ##....       12%         1    #......
b - Song of Slaying       Chrm           ##......     17%         2    ###....
c - Shroud of Golubria    Chrm/Tloc      #.........   34%         2    ###....


Dungeon Overview and Level Annotations

Branches:
Dungeon (4/15)
 Temple: D:4-7

Altars:
Dithmenos
Okawaru

Annotations:
D:4 Blork the orc


Message History

2 worker ants, a hobgoblin, an ogre and Blork the orc come into view.
Blork the orc shouts!
The ogre shouts!
The hobgoblin shouts!
The worker ant twitches its antennae in your direction.
You hear a shout!
Blork the orc points at you and mumbles some strange words.
The puff of flame hits you!
Found two items.
A rat, a hobgoblin and a skeleton come into view.
There is a stone staircase leading up here.
The ogre hits you with a giant club!
Your shroud falls apart!
Blork the orc mumbles some strange words.
Blork the orc seems to speed up.
You climb upwards.
There is a stone staircase leading down here.
There is a stone staircase leading up here.
There is a stone staircase leading up here.
The ogre hits you with a giant club!!
Ouch! That really hurt!
You die...

######### #.......#
#.......# #.......#
#.......# ###### #.......#
#....# # #.......#
#....####### #
#.......###........... #
#....@..##.....##.....
############..#.#######
..##.#...##..## #.# ##...#
#.##....####..###.###....#


You could see an ogre.

Vanquished Creatures
  Ijyb (D:3)
  4 adders
  An adder zombie (D:1)
  3 giant geckos (D:1)
  2 oozes (D:1)
  A ball python (D:2)
  3 bats
  4 giant cockroaches
  11 goblins
  7 hobgoblins
  6 jackals
  A giant cockroach zombie (D:1)
  5 giant newts
  5 kobolds
  2 quokkas (D:2)
  4 rats
60 creatures vanquished.

Notes
Turn   | Place    | Note
--------------------------------------------------------------
     0 | D:1      | hannobal, the High Elf Skald, began the quest for the Orb.
     0 | D:1      | Reached XP level 1. HP: 14/14 MP: 4/4
   169 | D:1      | Reached XP level 2. HP: 19/19 MP: 3/6
   194 | D:1      | Learned a level 2 spell: Song of Slaying
   197 | D:1      | Learned a level 2 spell: Shroud of Golubria
   732 | D:1      | Reached skill level 4 in Long Blades
   732 | D:1      | Reached XP level 3. HP: 21/24 MP: 5/8
   734 | D:1      | Reached skill level 1 in Translocations
  1477 | D:2      | Found a shadowy altar of Dithmenos.
  1653 | D:2      | Reached skill level 5 in Long Blades
  1653 | D:2      | Reached XP level 4. HP: 19/29 MP: 2/11
  2679 | D:3      | Noticed Ijyb
  2689 | D:3      | Killed Ijyb
  2843 | D:3      | Found an iron altar of Okawaru.
  3059 | D:4      | Noticed Blork the orc
  3059 | D:4      | Noticed an ogre
  3096 | D:3      | Mangled by an ogre

Action                   |  1- 3 |  4- 6 || total
-------------------------+-------+-------++-------
Melee: Falchion          |   134 |    63 ||   197
Throw: Stone             |    12 |     3 ||    15
 Cast: Infusion          |    17 |     5 ||    22
       Shroud of Golubri |     6 |     5 ||    11
  Use: Scroll            |     4 |     4 ||     8
       Potion            |     1 |     2 ||     3
  Eat: Chunk             |     3 |     4 ||     7
       Pizza             |       |     1 ||     1
